 Dungeon Crawl Stone Soup version 0.20.1-1-g8b1a95d (webtiles) character file.

83 Dyss the Grave Robber (level 4, -23/24 HPs)
             Began as a Deep Elf Necromancer on July 9, 2017.
             Annihilated by a two-headed ogre
             ... wielding a +0 giant spiked club
              (32 damage)
             ... on level 5 of the Dungeon.
             The game lasted 00:26:21 (2782 turns).

Dyss the Grave Robber (Deep Elf Necromancer)        Turns: 2782, Time: 00:26:22

Health: -23/24     AC:  3    Str:  5    XL:     4   Next: 22%
Magic:  7/12       EV: 13    Int: 21    God:
Gold:   66         SH:  0    Dex: 15    Spells: 0/11 levels left

rFire    . . .     SeeInvis .   r - +0 dagger (curse)
rCold    + . .     Gourm    .   (no shield)
rNeg     . . .     Faith    .   a - +0 robe
rPois    .         Spirit   .   (no helmet)
rElec    .         Reflect  .   (no cloak)
rCorr    .         Harm     .   j - +0 pair of gloves
MR       .....     Rnd*Tele +   (no boots)
Stlth    ++........             (no amulet)
Regen    0.1/turn               e - ring of protection from cold
MPRegen  0.2/turn               y - ring of teleportation (curse)

@: no status effects
A: no striking features
a: no special abilities


You were on level 5 of the Dungeon.
You were not hungry.

You visited 1 branch of the dungeon, and saw 5 of its levels.

You collected 66 gold pieces.

Inventory:

Hand Weapons
 i - a +0 short sword
 k - a +0 dagger
 n - a +0 dagger
 r - a cursed +0 dagger (weapon)
 v - a +0 dagger
Missiles
 d - 23 sling bullets
 g - 50 stones (quivered)
Armour
 a - a +0 robe (worn)
 j - a +0 pair of gloves (worn)
 m - a +0 robe
Jewellery
 e - a ring of protection from cold (left hand)
 y - a cursed ring of teleportation (right hand)
Scrolls
 f - a scroll of identify
Potions
 l - a potion of agility {unknown}
 p - a potion of ambrosia {unknown}
 s - a potion of magic {unknown}
 t - a potion of might {unknown}
 x - a potion of brilliance {unknown}
Books
 b - a book of Necromancy

   Spells                             Type                      Level
   a - Pain                           Necromancy                   1
   b - Animate Skeleton               Necromancy                   1
   c - Vampiric Draining              Necromancy                   3
   d - Regeneration                   Charms/Necromancy            3
   e - Animate Dead                   Necromancy                   4
   f - Control Undead                 Necromancy                   4
Comestibles
 c - 2 bread rations
 h - a royal jelly
 u - a meat ration


   Skills:
 + Level 2.6 Dodging
 + Level 2.8 Stealth
 + Level 4.0 Spellcasting
 + Level 6.2 Necromancy


You couldn't memorise any spells.
You knew the following spells:

 Your Spells              Type           Power        Failure   Level  Hunger
a - Pain                  Necr           ####         1%          1    None
b - Vampiric Draining     Necr           ####......   2%          3    ###....
c - Animate Dead          Necr           N/A          9%          4    ####...
d - Regeneration          Chrm/Necr      ###.......   10%         3    ###....


Dungeon Overview and Level Annotations

Branches:
Dungeon (6/15)
 Temple: D:4-7

Altars:


Message History

Found an orange potion.
Found a stone staircase leading up.
A leopard gecko zombie comes into view.
Press: ? - help, . - travel You can't see that place.
Found a thin jewelled staff.
Found an escape hatch in the floor.
A scorpion comes into view.
Found 14 gold pieces.
A centaur skeleton comes into view.
A two-headed ogre comes into view.
It is wielding a giant spiked club and a dire flail.
The two-headed ogre shouts in stereo!
You hit the centaur skeleton.
The centaur skeleton is lightly damaged.
The centaur skeleton hits you. The scorpion barely misses you.
The centaur skeleton barely misses you.
Found a scroll of fog.
The centaur skeleton hits you. The scorpion stings you.
The two-headed ogre hits you with a giant spiked club!!
Ouch! That really hurt!
You die...

....( #.##......
#.....#....
###...##.....#
####...#.##.....#
#.....##.##!....#
#....###.##....<#
###.####.....##.#...#
.?.....@............#
......OsZZ........###
........>.....##...#
.............####..#
.............# ....#
#.............# ....#
##....$.......##....#
##...........##....#
##...#.....##


You could see a two-headed ogre, a scorpion, a leopard gecko zombie and a
centaur skeleton.

Vanquished Creatures
  3 adders (D:2)
  2 dart slugs (D:2)
  2 leopard geckos (D:1)
  2 bats (D:1)
  4 giant cockroaches
  8 hobgoblins
  3 jackals (D:3)
  A quokka (D:2)
  4 frilled lizards
  7 goblins
  8 kobolds
  5 rats
49 creatures vanquished.

Notes
Turn   | Place    | Note
-------+----------+-------------------------------------------
     0 | D:1      | Dyss the Deep Elf Necromancer began the quest for the Orb.
     0 | D:1      | Reached XP level 1. HP: 10/10 MP: 6/6
    17 | D:1      | Reached skill level 5 in Necromancy
   341 | D:1      | Reached XP level 2. HP: 15/15 MP: 6/8
  1263 | D:2      | Reached XP level 3. HP: 19/19 MP: 7/9
  1268 | D:2      | Learned a level 3 spell: Vampiric Draining
  2061 | D:2      | Reached skill level 6 in Necromancy
  2074 | D:2      | Reached XP level 4. HP: 14/24 MP: 4/12
  2244 | D:2      | Learned a level 4 spell: Animate Dead
  2248 | D:2      | Learned a level 3 spell: Regeneration
  2759 | D:3      | You fall through a shaft for 3 floors!
  2760 | D:6      | Noticed an ogre
  2765 | D:5      | Entered Level 5 of the Dungeon
  2765 | D:5      | Noticed an ogre
  2778 | D:5      | Noticed a two-headed ogre
  2782 | D:5      | Annihilated by a two-headed ogre

Skill      XL: |  1  2  3 |
---------------+----------+-----
Necromancy     | 5 6 |  6.2
Spellcasting   | 4 |  4.0
Dodging        | |  2.6
Stealth        | |  2.8

Action                   |  1- 3 |  4- 6 || total
-------------------------+-------+-------++-------
Melee: Dagger            |     6 |     4 ||    10
 Cast: Pain              |    56 |    13 ||    69
       Vampiric Draining |     4 |     2 ||     6
       Animate Dead      |       |     3 ||     3
  Use: Scroll            |       |     5 ||     5
 Stab: Sleeping          |     2 |       ||     2
  Eat: Bread ration      |     1 |     1 ||     2
Armor: Robe              |     6 |       ||     6
Dodge: Dodged            |    17 |     9 ||    26
